 Dungeon Crawl Stone Soup version 0.30-a0-782-ge64f9170bb (webtiles) character file.

Game seed: 1264159416753395880

2 Esekla the Sneak (level 1, 16/16 HPs)
             Began as an Octopode Delver on Feb 19, 2023.
             Quit the game on level 5 of the Dungeon.
             The game lasted 00:01:39 (166 turns).

Esekla the Sneak (Octopode Delver)                   Turns: 166, Time: 00:01:40

Health: 16/16      AC:  1    Str: 11    XL:     1   Next: 30%
Magic:  1/1        EV: 13    Int: 12    God:
Gold:   18         SH:  0    Dex: 13    Spells: 0/0 levels left

rFire   . . .      SeeInvis .    a - +0 falchion
rCold   . . .      Faith    .    (no shield)
rNeg    . . .      Spirit   .    (helmet restricted)
rPois   .          Reflect  .    (no amulet)
rElec   .          Harm     .    (no ring)
rCorr   .          Rampage  .    (no ring)
Will    .....                    (no ring)
Stlth   ++++                     (no ring)
HPRegen 0.22/turn                (no ring)
MPRegen 0.07/turn                (no ring)
                                 (no ring)
                                 (no ring)

@: hasted, very quick
A: almost no armour, amphibious, 8 rings, camouflage 1, gelatinous body 1,
(nimble swimmer 1), tentacles
a: no special abilities


You were on level 5 of the Dungeon.
You visited 1 branch of the dungeon, and saw 1 of its levels.

You collected 18 gold pieces.

Inventory:

Hand Weapons
 a - a +0 falchion (weapon)
 g - a +1 dagger of draining
Missiles
 c - 4 poisoned darts (quivered)
Wands
 d - a wand of paralysis (15)
 f - a wand of digging (3)
Scrolls
 b - a scroll of fog


   Skills:
 * Level 3.0 Fighting
 * Level 2.0 Long Blades
 * Level 2.0 Dodging
 + Level 6.6 Stealth


You couldn't memorise any spells.
You didn't know any spells.
Your spell library was empty.

Dungeon Overview and Level Annotations

Branches:
Dungeon (5/15)
 Temple: D:4-7

Altars:
Hepliaklqana
Nemelex Xobeh
Qazlal
Ru

Annotations:
D:5 Dowan, Duvessa


Innate Abilities, Weirdness & Mutations

You cannot wear most types of armour.
You are amphibious.
You can wear up to eight rings at the same time.
Your skin changes colour to match your surroundings (Stealth+).
Your rubbery body absorbs attacks. (AC +1, EV +1)
((You are camouflaged when in or above water. (Stealth+)))
You have tentacles for arms and can constrict up to eight enemies at once.


Message History

a +1 dagger of draining; a +0 leather armour; an orc corpse
g - a +1 dagger of draining You open the door.
Found a sparkling altar of Nemelex Xobeh.
There is an open door here.
There is an open door here.
You now have 18 gold pieces (gained 7).
A black bear comes into view.
Found a silver wand.
The black bear growls angrily.
You hear an angry hiss.
An adder comes into view.
Found 3 stones.
Found a stone staircase leading up.
There is a stone staircase leading up here.
Duvessa and Dowan come into view.
An adder comes into view.
Dowan shouts!
Duvessa shouts!
The adder hisses angrily.
As you read the scroll of fear, it crumbles to dust.
You assume a fearsome visage.
Duvessa resists with almost no effort.
Dowan looks frightened!
The black bear looks frightened!
The adder looks frightened!
Duvessa barely misses you.
Dowan gestures wildly while chanting.
Dowan blinks!
You feel yourself speed up. Duvessa misses you.
Dowan gestures wildly while chanting.
Dowan blinks!
Dowan cries in horror.
Dowan casts a spell.
Dowan blinks!
Duvessa barely misses you.
Dowan casts a spell.
Dowan blinks!
Dowan mumbles some strange words.
Dowan blinks!
Dowan gestures wildly while chanting.
Dowan blinks!
Found a bone wand.
Found a stormy altar of Qazlal.
d - a wand of paralysis (15)
There are no items here.
Found a ring mail.
A worm comes into view.
Are you sure you want to abandon this character and quit the game? (Confirm with "yes".)

########## *w.......#*
#*..§~.§§..# #..[.§.~...#
**********.#..§_....#
*****,,,>,,,,,,......~..#
,,,,*,*********#...§....#
***,*,* #@.......#
***,*,* #.#####..#
,,,,,,******* #.#####.###
***,,,,,,,,,* #.....e...#
*********,* #.#######.#
*,* #.#######.# *,*
#....§..#.# *,*
#........e# *,*
#.........#


You could see a worm (asleep).

Vanquished Creatures
  An orc (D:5)
1 creature vanquished.

Notes
Turn   | Place    | Note
-------+----------+-------------------------------------------
     0 | D:5      | Esekla the Octopode Delver began the quest for the Orb.
     0 | D:5      | Reached XP level 1. HP: 16/16 MP: 1/1
    67 | D:5      | Found a sacrificial altar of Ru.
    70 | D:5      | Found a hazy altar of Hepliaklqana.
    78 | D:5      | Found a sparkling altar of Nemelex Xobeh.
   106 | D:5      | Noticed a black bear
   142 | D:5      | Noticed Duvessa
   142 | D:5      | Noticed Dowan
   154 | D:5      | Found a stormy altar of Qazlal.
   166 | D:5      | Quit the game

Illustrated notes

Levels and vault maps discovered:
D:5:      layout_loops_ring, nicolae_qazlal_scattered_showers,
          grunt_temple_overflow_diamond, uniq_duvessa, uniq_grinder

Action                     || total
---------------------------++-------
  Melee: Falchion          ||     3
         Constrict         ||     1
         Tentacles         ||     1
    Use: Scroll            ||     2
         Potion            ||     1
  Dodge: Dodged            ||     4

Table legend: (Time is in decaauts)
 A = Elapsed time spent in this place.
 B = Non-inter-level travel time spent in this place.
 C = Inter-level travel time spent in this place.
 D = Time resting spent in this place.
 E = Time spent auto-exploring this place.
 F = Levels seen in this place.
 G = Mean time per level.
                   A        B        C        D        E       F      G
               +--------+--------+--------+--------+--------+-----+--------+
         Total |    160 |    160 |      0 |      0 |     27 |   1 |  160.0 |
       Dungeon |    160 |    160 |      0 |      0 |     27 |   1 |  160.0 |
               +--------+--------+--------+--------+--------+-----+--------+

Top non-repeatable levels by time:
     D:5: 160 daAuts
